 Dungeon Crawl Stone Soup version 0.23-a0-681-g26ad783 (webtiles) character file.

469604 Amnesiac the Warrior (level 24, -35/182 HPs)
             Began as an Octopode Fighter on Jan 10, 2019.
             Was an Initiate of Gozag.
             Killed by the air
             ... invoked by a spriggan air mage
              (43 damage)
             ... on level 2 of the Depths.
             The game lasted 01:59:17 (63503 turns).

Amnesiac the Warrior (Octopode Fighter)            Turns: 63503, Time: 01:59:17

Health: -35/182    AC:  5    Str: 15    XL:     24   Next: 32%
Magic:  0/62       EV: 39    Int: 16    God:    Gozag
Gold:   13167      SH: 31    Dex: 30    Spells: 19/39 levels left

rFire    + + .     SeeInvis .   a - +7 captain's cutlass {speed, disarm}
rCold    + + +     Gourm    .   n - +8 large shield {rC+}
rNeg     + + .     Faith    .   X - +2 hat
rPois    +         Spirit   +   O - amulet of guardian spirit
rElec    +         Reflect  .   g - ring of Rioter {Wiz rC+ rN+ Str-2}
rCorr    +         Harm     .   h - ring of Greed {rElec MP+9 Str+2}
MR       +++..                  C - +2 ring of protection
Stlth    ++++++++++             x - ring of magical power
HPRegen  0.40/turn              v - ring "Dyatetz" {+Inv MR+ Stlth+}
MPRegen  0.38/turn              M - ring of protection from fire
                                N - ring "Hebaen Kugru" {rN+ MR+ Str-3 Int+3 Dex+8}
                                S - ring of magical power (curse)

@: agile, resistant, flying, very slightly contaminated, hasted, very quick
A: almost no armour, stealthy swim, amphibious, 8 rings, constrict 8, camouflage
1, gelatinous body 1
}: 3/15 runes: barnacled, silver, gossamer
a: Potion Petition, Call Merchant, Bribe Branch, Renounce Religion, Evoke
Invisibility


You were on level 2 of the Depths.
You worshipped Gozag.
Gozag was extremely pleased with you.
You were not hungry.

You visited 9 branches of the dungeon, and saw 42 of its levels.
You also visited: Sewer and Ice Cave.

You collected 27733 gold pieces.
You spent 7615 gold pieces at shops.
You paid 6951 gold pieces to Gozag.

Inventory:

Hand Weapons
 a - the +7 captain's cutlass (weapon) {speed, disarm}
   (You took it off a centaur warrior on level 13 of the Dungeon)

   Attacks with this weapon are significantly faster.
 b - a +11 blowgun
Missiles
 u - 10 throwing nets (quivered)
 W - 8 curare-tipped needles
Armour
 i - a +2 buckler of protection
 n - a +8 large shield of cold resistance (worn)
 X - a +2 hat (worn)
Jewellery
 g - the ring of Rioter (left tentacle) {Wiz rC+ rN+ Str-2}
   (You bought it in a shop on level 6 of the Lair of Beasts)

   [ring of wizardry]

   It improves your spell success rate.
   It affects your strength (-2).
   It protects you from cold.
   It protects you from negative energy.
 h - the ring of Greed (right tentacle) {rElec MP+9 Str+2}
   (You bought it in a shop on level 3 of the Lair of Beasts)

   [ring of magical power]

   It affects your strength (+2).
   It insulates you from electricity.
   It affects your magic capacity (+9).
 v - the ring "Dyatetz" (on tentacle) {+Inv MR+ Stlth+}
   (You took it off a deep elf death mage on level 3 of the Elven Halls)

   [ring of protection from magic]

   It affects your resistance to hostile enchantments.
   It lets you turn invisible.
   It makes you more stealthy.
 x - a ring of magical power (on tentacle)
 C - a +2 ring of protection (on tentacle)
 M - a ring of protection from fire (on tentacle)
 N - the ring "Hebaen Kugru" (on tentacle) {rN+ MR+ Str-3 Int+3 Dex+8}
   (You bought it in a shop on level 2 of the Orcish Mines)

   [ring of protection from magic]

   It affects your strength (-3).
   It affects your intelligence (+3).
   It affects your dexterity (+8).
   It protects you from negative energy.
   It affects your resistance to hostile enchantments.
 O - an amulet of guardian spirit (around mantle)
 S - a cursed ring of magical power (on tentacle)
 Y - an uncursed ring of resist corrosion
Wands
 o - a wand of acid (21)
 B - a wand of disintegration (18)
 G - a wand of digging (6)
 H - a wand of paralysis (24)
 J - a wand of enslavement (6)
 R - a wand of iceblast (8)
Scrolls
 l - 18 scrolls of teleportation {!r}
 p - 4 scrolls of fog {!r}
 q - 3 scrolls of vulnerability {!r}
 t - 2 scrolls of blinking {!r}
 F - 9 scrolls of fear {!r}
 K - 6 scrolls of magic mapping {!r}
 U - 3 scrolls of summoning {!r}
Potions
 c - 8 potions of might {!q}
 e - 13 potions of curing {!q}
 f - 4 potions of resistance {!q}
 k - 3 potions of berserk rage {!q}
 m - 4 potions of haste {!q}
 r - 5 potions of brilliance {!q}
 s - 4 potions of magic {!q}
 z - 6 potions of mutation {!q}
 A - a potion of heal wounds {!q}
 Q - 4 potions of cancellation {!q}
Miscellaneous
 y - 2 sacks of spiders
 D - a lightning rod (4/4)
 E - a phial of floods
 P - 2 phantom mirrors
 T - a lamp of fire
Comestibles
 d - 16 rations


   Skills:
 + Level 19.6 Fighting
 - Level 7.7(14.0) Short Blades
   Level 18.0(18.4) Long Blades
 + Level 19.5 Dodging
 - Level 18.3 Stealth
 + Level 19.6 Shields
 - Level 8.0 Spellcasting
 + Level 3.9 Charms
 + Level 4.0 Air Magic
 - Level 8.0 Evocations


You had 19 spell levels left.
You knew the following spells:

 Your Spells              Type           Power        Failure   Level  Hunger
a - Apportation           Tloc           #.....       9%          1    None
b - Passwall              Tmut/Erth      #.......     13%         2    None
c - Sticks to Snakes      Tmut           #.......     13%         2    None
d - Deflect Missiles      Chrm/Air       ###.......   92%         6    #######
e - Mephitic Cloud        Conj/Pois/Air  ##......     16%         3    ##.....
f - Summon Butterflies    Summ           #.......     9%          1    None
g - Swiftness             Chrm/Air       ###.....     2%          2    None
v - Blink                 Tloc           N/A          13%         2    None
z - Confusing Touch       Hex            #.....       9%          1    None

Your spell library contained the following spells:

 Spells                   Type           Power        Failure   Level  Hunger
 Shock                    Conj/Air       ##..         4%          1    None
 Poisonous Vapours        Pois/Air       ##....       6%          2    None
 Shroud of Golubria       Chrm/Tloc      ##........   6%          2    None
 Animate Skeleton         Necr           N/A          9%          1    None
 Beastly Appendage        Tmut           #.....       9%          1    None
 Corona                   Hex            #......      9%          1    None
 Freeze                   Ice            #...         9%          1    None
 Sandblast                Erth           #.....       9%          1    None
 Sting                    Conj/Pois      #...         9%          1    None
 Summon Small Mammal      Summ           #...         9%          1    None
 Ozocubu's Armour         Chrm/Ice       ##......     12%         3    ##.....
 Static Discharge         Conj/Air       ##......     12%         3    ##.....
 Call Imp                 Summ           #.......     13%         2    None
 Ensorcelled Hibernation  Hex/Ice        #.....       13%         2    None
 Throw Frost              Conj/Ice       #.....       13%         2    None
 Airstrike                Air            ###.......   16%         4    ####...
 Call Canine Familiar     Summ           #.......     26%         3    ##.....
 Confuse                  Hex            #.......     26%         3    ##.....
 Dazzling Spray           Conj/Hex       #.....       26%         3    ##.....
 Gell's Gravitas          Tloc           #.........   26%         3    ##.....
 Ignite Poison            Fire/Tmut/Pois #.......     26%         3    ##.....
 Lesser Beckoning         Tloc           #.........   26%         3    ##.....
 Portal Projectile        Hex/Tloc       #.....       26%         3    ##.....
 Recall                   Summ/Tloc      N/A          26%         3    ##.....
 Spider Form              Tmut/Pois      #.........   26%         3    ##.....
 Stone Arrow              Conj/Erth      #.....       26%         3    ##.....
 Summon Guardian Golem    Hex/Summ       #.......     26%         3    ##.....
 Teleport Other           Tloc           #.......     26%         3    ##.....
 Tukima's Dance           Hex            #.......     26%         3    ##.....
 Summon Lightning Spire   Summ/Air       ##......     34%         4    ####...
 Animate Dead             Necr           N/A          61%         4    ####...
 Cause Fear               Hex            #.........   61%         4    ####...
 Force Lance              Conj/Tloc      #.......     61%         4    ####...
 Ice Form                 Ice/Tmut       #.......     61%         4    ####...
 Olgreb's Toxic Radiance  Pois           #.......     61%         4    ####...
 Passage of Golubria      Tloc           N/A          61%         4    ####...
 Petrify                  Tmut/Erth      #.......     61%         4    ####...
 Summon Ice Beast         Ice/Summ       #.......     61%         4    ####...
 Throw Icicle             Conj/Ice       #.......     61%         4    ####...
 Iskenderun's Battlesphe  Conj/Chrm      ##......     69%         5    #####..
 Lightning Bolt           Conj/Air       ##........   69%         5    #####..
 Silence                  Hex/Air        ##........   69%         5    #####..
 Alistair's Intoxication  Tmut/Pois      #.......     91%         5    #####..
 Blade Hands              Tmut           #.........   91%         5    #####..
 Bolt of Magma            Conj/Fire/Erth #.........   91%         5    #####..
 Borgnjor's Vile Clutch   Necr/Erth      #.........   91%         5    #####..
 Fireball                 Conj/Fire      #.........   91%         5    #####..
 Irradiate                Conj/Tmut      #.........   91%         5    #####..
 Lee's Rapid Deconstruct  Erth           #.........   91%         5    #####..
 Metabolic Englaciation   Hex/Ice        #.........   91%         5    #####..
 Summon Forest            Summ/Tloc      #.........   91%         5    #####..
 Summon Mana Viper        Hex/Summ       #.......     91%         5    #####..
 Venom Bolt               Conj/Pois      #.........   91%         5    #####..
 Yara's Violent Unravell  Hex/Tmut       #.........   91%         5    #####..
 Freezing Cloud           Conj/Ice/Air   ##........   99%         6    #######
 Bolt of Cold             Conj/Ice       #.........   100%        6    #######
 Bolt of Fire             Conj/Fire      #.........   100%        6    #######
 Darkness                 Hex            #.........   100%        6    #######
 Death Channel            Necr           #.........   100%        6    #######
 Dispersal                Tloc           #.........   100%        6    #######
 Invisibility             Hex            #.......     100%        6    #######
 Iron Shot                Conj/Erth      #.........   100%        6    #######
 Ozocubu's Refrigeration  Ice            #.........   100%        6    #######
 Simulacrum               Ice/Necr       #.........   100%        6    #######
 Statue Form              Tmut/Erth      #........    100%        6    #######
 Dragon Form              Tmut           #.........   100%        7    #######
 Malign Gateway           Summ/Tloc      #.........   100%        7    #######
 Monstrous Menagerie      Summ           #.........   100%        7    #######
 Orb of Destruction       Conj           #.........   100%        7    #######
 Ring of Flames           Chrm/Fire      ##........   100%        7    #######
 Spellforged Servitor     Conj/Summ      #.........   100%        7    #######
 Summon Greater Demon     Summ           #.........   100%        7    #######
 Summon Hydra             Summ           #.........   100%        7    #######
 Controlled Blink         Tloc           N/A          100%        8    #######
 Discord                  Hex            #.........   100%        8    #######
 Disjunction              Tloc           #.........   100%        8    #######
 Ignition                 Fire           #.........   100%        8    #######
 Summon Horrible Things   Summ           #.........   100%        8    #######


Dungeon Overview and Level Annotations

Branches:
Dungeon (15/15)            Temple (1/1) D:4            Lair (6/6) D:10
 Shoals (4/4) Lair:4       Spider (4/4) Lair:4        Slime (0/5) Lair:5
    Orc (2/2) D:9             Elf (3/3) Orc:2        Vaults (5/5) D:14
  Crypt (0/3) Vaults:2     Depths (2/5) D:15

Altars:
Cheibriados
Dithmenos
Gozag
Hepliaklqana
Kikubaaqudgha
Makhleb
Uskayaw
Vehumet
Xom
Yredelemnul
Beogh

Shops:
D:8 *   D:13 !!=   Orc:1 (   Orc:2 (*[=   Elf:1 =}=   Elf:2 [   Lair:3 =
Lair:6 =(?   Shoals:2 *   Vaults:2 [   Vaults:3 (   Vaults:5 %:

Portals:
Hell: Depths:1 Depths:2
Abyss: Depths:2
Trove: Vaults:1 (give +8 demon whip)

Annotations:
Lair:3 1 runed door, Naizifi's ghost, journeyman KoNe
Depths:2 1 transporter


Innate Abilities, Weirdness & Mutations

You cannot wear most types of armour.
You are very stealthy in the water. (Stealth+)
You are amphibious.
You can wear up to eight rings at the same time.
You can use your tentacles to constrict eight enemies at once.
Your skin changes colour to match your surroundings (Stealth+).
Your rubbery body absorbs attacks. (AC +1, EV +1)


Message History

The yaktaur's soul is no longer bound.
The spriggan air mage waves its arms in wide circles.
The air twists around and strikes you!
* * * LOW HITPOINT WARNING * * *
Really quaff
A - 3 potions of heal wounds {!q}?
You feel much better. You block the sphinx's attack. x2
The sphinx completely misses you. You block the sphinx's attack.
The sphinx barely misses you. The sphinx completely misses you.
The spriggan air mage waves its arms in wide circles.
The air twists around and strikes you!
* * * LOW HITPOINT WARNING * * *
Really read
t - 3 scrolls of blinking {!r}?
Blink to where?
Press: ? - help, Dir - move target cursor, p - sphinx You are very lightly contaminated with residual magic.
As you read the scroll of blinking {!r}, it crumbles to dust.
Really quaff
A - 2 potions of heal wounds {!q}?
You feel much better.
Evoke which item? (* to show all) (? for menu, Esc to quit)
Aiming: Enslavement
Press: ? - help, Shift-Dir - straight line, f - sphinx
Aim: a sphinx (chance to defeat MR: 34%)
The sphinx easily resists.
Evoke which item? (* to show all) (? for menu, Esc to quit)
Aiming: Enslavement
Press: ? - help, Shift-Dir - straight line, f/p - sphinx
Aim: a sphinx (chance to defeat MR: 34%)
The sphinx easily resists.
The spriggan air mage waves its arms in wide circles.
The air twists around and strikes you!
* * * LOW HITPOINT WARNING * * *
Okay, then.
Really read
p - 5 scrolls of fog {!r}?
As you read the scroll of fog {!r}, it crumbles to dust.
The scroll dissolves into smoke.
Really read
l - 19 scrolls of teleportation {!r}?
As you read the scroll of teleportation {!r}, it crumbles to dust.
You feel strangely unstable.
Your surroundings suddenly seem different.
You block the deep troll's attack. x3
The deep troll completely misses you. You block the deep troll's attack. x2
The yaktaur captain shoots a bolt.
You block the bolt.
The yaktaur shouts!
You hear a shout!
You see here a bolt.
The yaktaur shoots a bolt.
You block the bolt.
You see here a bolt. [a] - 540 gold - haste, resistance, agility and flight [b] - 260 gold - resistance and flight [c] - 364 gold - haste and brilliance Purchase which effect?
You feel yourself speed up.
You feel protected.
You feel agile all of a sudden.
You feel very buoyant.
You fly up into the air.
You block the deep troll's attack. The deep troll misses you.
You block the deep troll's attack.
The yaktaur captain shoots a bolt.
You block the bolt.
The spriggan air mage waves its arms in wide circles.
The air twists around and violently strikes you in flight!
* * * LOW HITPOINT WARNING * * *
The yaktaur shoots a bolt.
You block the bolt.
You see here a bolt.
The spriggan air mage waves its arms in wide circles.
The air twists around and violently strikes you in flight!
You die...
Your body crumbles into a pile of gold.

# ####.##...............#§§##....
##..........(.Z..###....§§§H§§..
##..#.#...#.#.......ZTZi§c§§i§...
#..##.#####.##....###J<.§§§§§§§..
..##..#####..##..J..c..§#§§§#§...
.##...........##..T....§§§..§....
.....8).<..8...'..T.....§........
.##...).......##.............^.##
..##..#####..##.@.............###
#..##.#...#.##..###.##........###
##..#+#.#.#+#..## #.# ...........
##.....#.....## ### #####.###.)
##...###...## #. #.# ##### #####
## ##. #


You could see 2 iron trolls, a yaktaur captain, a large slime creature, a slime
creature, a deep troll, a spriggan air mage, a deep troll shaman simulacrum and
a storm dragon skeleton.

Vanquished Creatures
  Mennas (Vaults:3)
  Saint Roka (Vaults:4)
  4 golden dragons (Vaults:5)
  Rupert (Lair:5)
  3 tentacled monstrosities (Vaults:5)
  2 deep elf blademasters (Elf:3)
  A titan (Vaults:5)
  2 deep elf master archers (Elf:3)
  Agnes (Elf:2)
  A sphinx (shapeshifter) (Vaults:5)
  3 shadow dragons (Vaults:5)
  2 krakens
  A sphinx (Vaults:3)
  3 tengu reavers (Vaults:5)
  6 storm dragons
  Roxanne (Elf:2)
  3 fire giants
  8 deep elf sorcerers
  3 ghost moths
  3 frost giants
  An orc warlord (Orc:1)
  Louise (D:14)
  13 vault wardens
  9 emperor scorpions
  9 ironheart preservers
  3 deep elf elementalists (Elf:3)
  A war gargoyle (Vaults:5)
  3 entropy weavers
  21 very ugly things
  15 stone giants
  A vampire knight (Depths:1)
  9 deep elf demonologists
  12 deep elf annihilators
  Azrael (Elf:2)
  12 ettins
  10 deep elf death magi
  5 merfolk javelineers
  11 merfolk impalers
  The ghost of nikopol the Eclecticist, a journeyman DEFE of Vehumet (Lair:6)
  5 deep elf high priests
  10 yaktaur captains
  Josephine (D:15)
  5 fire dragons
  5 great orbs of eyes
  A great orb of eyes (shapeshifter) (Vaults:5)
  27 vault guards
  4 ice dragons
  7 hydras
  2 rakshasas
  Fannar (D:9)
  A spriggan air mage (Depths:1)
  5 death knights
  9 merfolk aquamancers
  9 centaur warriors
  8 ogre magi
  4 catoblepae
  2 alligator snapping turtles
  28 two-headed ogres
  A dancing weapon (Elf:2)
  2 satyrs
  2 deep troll earth magi (Depths:1)
  A titan zombie (D:15)
  5 tengu warriors (Depths:1)
  4 death yaks (Lair:6)
  3 deep troll shamans
  3 orc high priests (Orc:2)
  A queen ant (Lair:5)
  13 deep elf knights
  20 skeletal warriors
  A golden dragon zombie (D:15)
  16 sea snakes
  5 hell knights (Vaults:5)
  A wizard (Vaults:3)
  15 deep trolls
  An unseen horror (Vaults:1)
  4 glowing orange brains (Depths:1)
  7 deep elf archers
  4 flayed ghosts
  4 phantasmal warriors
  A harpy (shapeshifter) (Vaults:2)
  19 harpies
  7 necromancers
  20 orb spiders
  21 orc knights
  20 ironbrand convokers
  32 wolf spiders
  35 ugly things
  8 cyclopes
  8 orc sorcerers
  A stone giant zombie (D:15)
  A cyclops (shapeshifter) (Vaults:5)
  15 manticores
  12 fauns
  A manticore (shapeshifter) (Vaults:3)
  62 deep elf magi
  2 moths of wrath (Spider:4)
  An elephant (Lair:1)
  A tengu skeleton (Vaults:4)
  3 centaur zombies
  6 vault sentinels
  7 water nymphs
  6 merfolk sirens
  5 black mambas
  An ice statue (IceCv)
  3 torpor snails
  4 spiny frogs
  A yaktaur zombie (Vaults:1)
  3 kobold demonologists
  A rime drake (Lair:2)
  3 komodo dragons
  A komodo dragon (shapeshifter) (Elf:1)
  6 freezing wraiths
  42 yaktaurs
  A yaktaur skeleton (Vaults:4)
  A guardian mummy (Vaults:1)
  16 demonic crawlers
  A queen bee (D:9)
  38 merfolk
  A meliai (shapeshifter) (Vaults:2)
  20 jumping spiders
  A jumping spider (shapeshifter) (Vaults:5)
  A queen bee (shapeshifter) (Vaults:1)
  7 trolls
  6 wind drakes
  A wind drake (shapeshifter) (Vaults:2)
  3 meliai (D:14)
  4 hornets
  A slime creature (shapeshifter) (Elf:3)
  12 snapping turtles
  10 blink frogs
  A wolf spider simulacrum (D:15)
  13 hippogriffs
  A spriggan zombie (D:15)
  Grinder (D:3)
  31 slime creatures
  An ice dragon zombie (Vaults:1)
  A meliai zombie (D:13)
  An ettin skeleton (Vaults:4)
  63 redbacks
  A spriggan (Lair:5)
  4 air elementals
  12 wraiths
  2 wyverns
  17 tarantellas
  2 fire elementals (Elf:1)
  66 yaks
  A vampire (D:15)
  4 basilisks (Lair:3)
  A yak (shapeshifter) (Vaults:4)
  24 water elementals
  A human (shapeshifter) (Vaults:2)
  3 hungry ghosts
  2 vampire mosquitoes (D:12)
  An acid dragon (Vaults:2)
  9 wargs
  9 water moccasins
  25 soldier ants (Lair:5)
  5 hell hounds (Elf:2)
  2 deep troll skeletons (Vaults:4)
  Purgy (Sewer)
  A floating eye (shapeshifter) (Vaults:5)
  53 orc warriors
  9 porcupines
  An ogre skeleton (Vaults:1)
  11 ice beasts
  A black bear (shapeshifter) (Vaults:5)
  2 eyes of draining
  3 sky beasts
  A black bear (D:11)
  3 necrophages
  28 ogres
  2 ogres (shapeshifter) (Vaults:1)
  3 phantoms
  9 boggarts
  16 wolves
  28 centaurs
  6 crocodiles
  7 big kobolds
  16 bullfrogs
  3 earth elementals
  4 scorpions
  19 killer bees
  5 wights (D:14)
  3 electric eels
  6 howler monkeys
  A crimson imp (Depths:2)
  A bullfrog zombie (D:9)
  A quasit (D:6)
  3 hounds
  13 jellies (Lair:5)
  2 centaur skeletons
  3 human zombies (D:9)
  3 iron imps (D:4)
  22 orc priests
  Ijyb (D:4)
  8 human skeletons
  5 iguanas
  23 orc wizards
  21 worker ants
  5 hell rats (Lair:1)
  An ogre zombie (D:9)
  2 mummies (D:9)
  2 worker ant zombies (D:5)
  3 gnolls (D:8)
  11 adders
  7 river rats
  6 shadow imps
  3 oozes
  A worm (D:4)
  3 dart slugs
  9 leopard geckos
  108 orcs
  2 ball pythons
  14 bats
  4 giant cockroaches
  8 goblins
  12 hobgoblins
  11 jackals
  3 quokkas
  7 frilled lizards
  35 kobolds
  An orc skeleton (D:9)
  16 rats
  4 tentacles (Shoals:1)
1848 creatures vanquished.

Vanquished Creatures (collateral kills)
  A warg (D:9)
  3 porcupines (D:10)
  2 orc warriors (D:9)
6 creatures vanquished.

Vanquished Creatures (others)
  An entropy weaver (Lair:5)
  A dire elephant (Lair:6)
  A hydra (Lair:4)
  A merfolk aquamancer (Shoals:4)
  22 dancing weapons
  A two-headed ogre (D:11)
  A death yak (Lair:6)
  A deep elf knight (Elf:1)
  An unseen horror (D:11)
  A harpy (Vaults:2)
  An orb spider (Spider:4)
  A manticore (Lair:6)
  An ice statue (IceCv)
  A black mamba (Lair:2)
  A spiny frog (Lair:2)
  14 yaks
  A basilisk (Lair:3)
  2 orc warriors (Vaults:5)
  A porcupine (D:10)
  3 wolves
  A bullfrog (Lair:2)
  2 killer bees (D:10)
  4 worker ants (Lair:5)
  An orc (Vaults:5)
  85 fungi
  28 plants
  15 tentacles
193 creatures vanquished.

Grand Total: 2047 creatures vanquished

Notes
Turn   | Place    | Note
-------+----------+-------------------------------------------
     0 | D:1      | Amnesiac the Octopode Fighter began the quest for the Orb.
     0 | D:1      | Reached XP level 1. HP: 16/16 MP: 1/1
   179 | D:1      | Reached XP level 2. HP: 18/21 MP: 2/2
   407 | D:1      | Reached XP level 3. HP: 16/26 MP: 3/3
  1162 | D:2      | Reached XP level 4. HP: 11/31 MP: 4/4
  1732 | D:2      | Reached XP level 5. HP: 36/36 MP: 5/5
  2412 | D:3      | Reached XP level 6. HP: 43/43 MP: 6/6
  2485 | D:4      | Noticed a phantom
  2486 | D:4      | Noticed Grinder
  2548 | D:4      | Found a staircase to the Ecumenical Temple.
  2557 | Temple   | Entered the Ecumenical Temple
  2561 | Temple   | Became a worshipper of Gozag Ym Sagoz the Greedy
  2801 | D:4      | Found a glowing drain.
  2805 | Sewer    | Entered a sewer
  2843 | Sewer    | Noticed Purgy
  2860 | Sewer    | Killed Purgy
  3159 | D:4      | Found a burning altar of Makhleb.
  3183 | D:4      | Reached XP level 7. HP: 37/48 MP: 7/7
  3318 | D:4      | Reached skill level 5 in Long Blades
  3375 | D:4      | Noticed Ijyb
  3450 | D:4      | Killed Ijyb
  3532 | D:5      | Entered Level 5 of the Dungeon
  3920 | D:5      | Found a shadowy altar of Dithmenos.
  3933 | D:5      | Reached skill level 1 in Evocations
  4147 | D:5      | Reached skill level 5 in Fighting
  4147 | D:5      | Reached XP level 8. HP: 44/55 MP: 7/9
  4482 | D:4      | Reached skill level 5 in Dodging
  4633 | D:3      | Paralysed by Grinder for 6 turns
  4642 | D:3      | Killed Grinder
  4642 | D:3      | Reached skill level 5 in Shields
  5280 | D:6      | Reached XP level 9. HP: 52/62 MP: 11/11
  5418 | D:6      | Learned a level 2 spell: Swiftness
  6052 | D:7      | Found a basalt altar of Yredelemnul.
  6238 | D:8      | Found Wuneyky's General Store.
  6241 | D:8      | Bought a wand of iceblast (9) for 195 gold pieces
  6241 | D:8      | Bought a scroll of identify for 30 gold pieces
  6241 | D:8      | Identified a scroll of acquirement {!r}
  6476 | D:8      | Noticed a two-headed ogre
  6491 | D:8      | Killed a two-headed ogre
  6491 | D:8      | Reached XP level 10. HP: 68/68 MP: 13/13
  6838 | D:8      | Found a snail-covered altar of Cheibriados.
  7128 | D:9      | HP: 3/68 [hippogriff (4)]
  7889 | D:9      | Found a staircase to the Orcish Mines.
  8166 | D:9      | Found a roughly hewn altar of Beogh.
  8428 | D:9      | Found a hazy altar of Hepliaklqana.
  8575 | D:9      | Found an ancient bone altar of Kikubaaqudgha.
  8767 | D:10     | Entered Level 10 of the Dungeon
  8866 | D:10     | Found a staircase to the Lair.
  8902 | D:10     | Reached skill level 10 in Long Blades
  9145 | D:10     | Reached XP level 11. HP: 63/76 MP: 14/14
  9439 | D:10     | Learned a level 1 spell: Apportation
  9441 | D:10     | Learned a level 1 spell: Confusing Touch
  9916 | Orc:1    | Entered Level 1 of the Orcish Mines
  9916 | Orc:1    | Noticed Fannar
  9916 | Orc:1    | Noticed an orc knight
  9916 | Orc:1    | Noticed an orc knight
 10624 | D:9      | Killed an orc knight
 10782 | D:9      | Killed Fannar
 11183 | Orc:1    | Found a roughly hewn altar of Beogh.
 11195 | Orc:1    | Bought a glowing scimitar for 161 gold pieces
 11228 | Orc:1    | Noticed an orc sorcerer
 11241 | Orc:1    | Killed an orc sorcerer
 11698 | Orc:2    | Entered Level 2 of the Orcish Mines
 11700 | Orc:2    | Noticed an orc knight
 11700 | Orc:2    | Noticed an orc sorcerer
 11706 | Orc:2    | Noticed an orc sorcerer
 11708 | Orc:2    | Noticed an orc knight
 11725 | Orc:1    | Killed an orc knight
 11817 | Orc:2    | Killed an orc sorcerer
 12139 | Orc:2    | Noticed an orc warlord
 12152 | Orc:1    | Paralysed by an orc sorcerer for 3 turns
 12156 | Orc:1    | Killed an orc sorcerer
 12227 | Orc:2    | Found Cuz Punk's General Store.
 12227 | Orc:2    | Noticed an orc sorcerer
 12227 | Orc:2    | Noticed an orc knight
 12227 | Orc:2    | Noticed an orc high priest
 12338 | Orc:1    | Killed an orc warlord
 12338 | Orc:1    | Reached XP level 12. HP: 41/85 MP: 15/15
 12694 | Orc:2    | Noticed an orc high priest
 12703 | Orc:2    | Killed an orc high priest
 12805 | Orc:2    | Found Kuasior's Antique Armour Boutique.
 13307 | Orc:2    | Bought a scroll of brand weapon for 240 gold pieces
 13307 | Orc:2    | Bought a scroll of enchant weapon for 90 gold pieces
 13307 | Orc:2    | Bought a scroll of acquirement for 624 gold pieces
 13314 | Orc:2    | Found Dixtucy's Antique Weapon Emporium.
 13323 | Orc:2    | Killed an orc high priest
 13370 | Orc:2    | Found a staircase to the Elven Halls.
 13393 | Orc:2    | Noticed an orc high priest
 13413 | Orc:2    | Killed an orc high priest
 13858 | Orc:2    | Found Gate's Jewellery Emporium.
 13891 | Orc:2    | Bought the ring "Yjiraul" {rElec MR+ Dex+2 Stlth+} for 619
                  | gold pieces
 13892 | Orc:2    | Bought the ring "Udavios" {rPois Dex+3 Stlth-} for 375 gold
                  | pieces
 13892 | Orc:2    | Bought an uncursed ring of protection from fire for 375
                  | gold pieces
 13892 | Orc:2    | Bought the ring "Hebaen Kugru" {rN+ MR+ Str-3 Int+3 Dex+8}
                  | for 795 gold pieces
 14138 | Orc:2    | Bought a runed scimitar for 280 gold pieces
 14238 | Lair:1   | Entered Level 1 of the Lair of Beasts
 14475 | Lair:1   | Reached skill level 10 in Fighting
 14677 | Lair:1   | Reached skill level 10 in Dodging
 14717 | Lair:1   | Reached skill level 10 in Shields
 14717 | Lair:1   | Reached XP level 13. HP: 92/92 MP: 16/16
 16050 | Lair:3   | Found a runed door.
 16050 | Lair:3   | Found a shimmering altar of Xom.
 16050 | Lair:3   | Noticed Naizifi's ghost (journeyman KoNe)
 17040 | Lair:3   | Learned a level 2 spell: Blink
 17063 | Lair:3   | Bought an uncursed amulet of guardian spirit for 450 gold
                  | pieces
 17063 | Lair:3   | Bought a cursed ring of magical power for 255 gold pieces
 17069 | Lair:3   | Bought the ring of Greed {rElec MP+9 Str+2} for 573 gold
                  | pieces
 17070 | Lair:3   | Bought an uncursed ring of wizardry for 450 gold pieces
 17458 | Lair:4   | You fall through a shaft for 2 floors!
 17458 | Lair:6   | Entered Level 6 of the Lair of Beasts
 17772 | Lair:6   | Noticed an ice dragon
 17772 | Lair:6   | a six-headed hydra changed into an ice dragon
 17804 | Lair:6   | Killed an ice dragon
 18073 | Lair:5   | Noticed an entropy weaver
 18100 | Lair:5   | Noticed an entropy weaver
 18149 | Lair:5   | Killed an entropy weaver
 18485 | Lair:5   | Reached XP level 14. HP: 81/101 MP: 17/17
 18587 | Lair:5   | Banished an entropy weaver
 18605 | Lair:5   | Noticed Sonja
 18608 | Lair:5   | Noticed Sonja
 18608 | Lair:5   | Sonja changed into Sonja the spriggan
 18613 | Lair:5   | Killed Sonja the spriggan
 19057 | Lair:4   | Found a hole to the Spider Nest.
 19609 | Lair:4   | Found a staircase to the Shoals.
 20038 | Lair:5   | Found a staircase to the Slime Pits.
 20108 | Lair:5   | Reached skill level 15 in Long Blades
 20131 | Lair:5   | Noticed Rupert
 20242 | Lair:5   | Killed Rupert
 20351 | Lair:5   | Learned a level 2 spell: Sticks to Snakes
 20912 | Lair:6   | Reached skill level 1 in Spellcasting
 21031 | Lair:6   | Found a runed gate.
 21031 | Lair:6   | Found a runed gate.
 21034 | Lair:6   | Found the amulet of Vitality {Regen+ HP+15}
 21034 | Lair:6   | Found a runed gate.
 21040 | Lair:6   | Noticed nikopol's ghost (journeyman DEFE)
 21040 | Lair:6   | Noticed a dire elephant
 21088 | Lair:6   | Killed nikopol's ghost
 21195 | Lair:6   | Banished a dire elephant
 22143 | Lair:6   | Reached XP level 15. HP: 49/108 MP: 18/18
 23339 | Lair:6   | Bought a scroll of magic mapping for 56 gold pieces
 23339 | Lair:6   | Bought a scroll of holy word for 120 gold pieces
 23342 | Lair:6   | Bought the ring of Rioter {Wiz rC+ rN+ Str-2} for 616 gold
                  | pieces
 23584 | D:11     | Found a frozen archway.
 23636 | IceCv    | Entered an ice cave
 23812 | IceCv    | Found a transporter.
 23908 | IceCv    | Found a transporter.
 25492 | D:13     | Found Zuix's Distillery.
 25498 | D:13     | Bought a potion of heal wounds for 80 gold pieces
 25498 | D:13     | Bought a potion of heal wounds for 80 gold pieces
 25498 | D:13     | Bought a potion of magic for 128 gold pieces
 25598 | D:13     | Found Feqegam's Jewellery Shoppe.
 25806 | D:13     | Found Unlew's Distillery.
 25815 | D:13     | Bought 2 potions of heal wounds for 110 gold pieces
 25815 | D:13     | Bought a potion of heal wounds for 55 gold pieces
 25815 | D:13     | Bought a potion of mutation for 88 gold pieces
 26258 | D:14     | Found a gate to the Vaults.
 26521 | D:14     | Noticed Louise
 26545 | D:14     | Killed Louise
 27090 | D:14     | Reached skill level 1 in Stealth
 27190 | D:14     | Learned a level 3 spell: Mephitic Cloud
 27209 | D:15     | Entered Level 15 of the Dungeon
 27352 | D:15     | Found a staircase to the Depths.
 27429 | D:15     | Reached skill level 5 in Stealth
 28271 | D:15     | Noticed Josephine
 28284 | D:15     | Killed Josephine
 28463 | D:15     | Reached XP level 16. HP: 116/116 MP: 22/22
 29277 | Elf:1    | Entered Level 1 of the Elven Halls
 29838 | Elf:1    | Reached skill level 5 in Evocations
 29880 | Elf:1    | Reached skill level 5 in Spellcasting
 30105 | Elf:1    | Found Suon's Jewellery Shoppe.
 30105 | Elf:1    | Found Eliwkew's Gadget Boutique.
 30107 | Elf:1    | Found Gimmuhiro's Jewellery Shoppe.
 30158 | Elf:1    | Learned a level 6 spell: Deflect Missiles
 30668 | Elf:2    | Noticed Agnes
 30675 | Elf:2    | Killed Agnes
 30740 | Elf:2    | Found Fotha's Antique Armour Shop.
 30889 | Elf:2    | Found a runed gate.
 30899 | Elf:2    | Found a runed gate.
 31160 | Elf:2    | Identified Roxanne's Compendium of Transmutation
 31160 | Elf:2    | Noticed Roxanne
 31320 | Elf:2    | Killed Roxanne
 31370 | Elf:2    | Found a runed gate.
 31836 | Elf:2    | Reached XP level 17. HP: 103/122 MP: 25/25
 32102 | Elf:2    | Noticed Azrael
 32142 | Elf:2    | Killed Azrael
 32601 | Elf:2    | Fell from the grace of Gozag
 32850 | Temple   | Became a worshipper of Gozag Ym Sagoz the Greedy
 33157 | Elf:3    | Identified a paperback manual
 33157 | Elf:3    | Entered Level 3 of the Elven Halls
 34240 | Elf:3    | Noticed a deep elf blademaster
 34254 | Elf:3    | Killed a deep elf blademaster
 34363 | Elf:3    | Noticed a deep elf blademaster
 34381 | Elf:3    | Killed a deep elf blademaster
 34757 | Elf:3    | Noticed a deep elf master archer
 35060 | Elf:3    | Killed a deep elf master archer
 35286 | Elf:3    | Identified the +3 leather armour "Voidojaf" {rN+}
 35286 | Elf:3    | Noticed a deep elf master archer
 35295 | Elf:3    | Identified the ring "Dyatetz" {+Inv MR+ Stlth+}
 35524 | Elf:3    | Killed a deep elf master archer
 35545 | Elf:3    | Noticed a Brimstone Fiend
 35654 | Elf:3    | Reached XP level 18. HP: 111/130 MP: 28/28
 36033 | Elf:3    | Identified the Reference Book on Supportive Aid
 36563 | Spider:1 | Entered Level 1 of the Spider Nest
 36592 | Spider:1 | Reached skill level 1 in Short Blades
 38340 | Spider:3 | Reached skill level 10 in Stealth
 38744 | Spider:3 | Reached skill level 5 in Short Blades
 39219 | Spider:4 | Entered Level 4 of the Spider Nest
 40088 | Spider:4 | Reached XP level 19. HP: 137/137 MP: 31/31
 41197 | Spider:4 | Got a gossamer rune of Zot
 41424 | Shoals:1 | Entered Level 1 of the Shoals
 42762 | Shoals:2 | Found Inoihuaguh's Assorted Antiques.
 42905 | Shoals:2 | Reached skill level 15 in Shields
 42941 | Shoals:2 | Reached skill level 15 in Fighting
 43328 | Shoals:2 | Reached skill level 15 in Dodging
 43721 | Shoals:3 | Reached skill level 15 in Stealth
 44674 | Shoals:4 | Entered Level 4 of the Shoals
 44878 | Shoals:4 | Reached XP level 20. HP: 137/145 MP: 32/32
 44898 | Shoals:4 | Got an encrusted mace
 45037 | Shoals:4 | Got a dazzling glaive
 45148 | Shoals:4 | Got a dazzling falchion
 45473 | Shoals:4 | Learned a level 1 spell: Summon Butterflies
 45824 | Shoals:4 | Got a barnacled rune of Zot
 46166 | Vaults:1 | Entered Level 1 of the Vaults
 46242 | Vaults:1 | Found a portal to a secret trove of treasure.
 47047 | Vaults:1 | Identified the Incunabulum of Shape Shifting
 48028 | Vaults:2 | Reached XP level 21. HP: 145/153 MP: 33/33
 48160 | Vaults:2 | Found the +6 lightning scales {run, rElec}
 48731 | Vaults:2 | Found a staircase to the Crypt.
 48731 | Vaults:2 | Found an ancient bone altar of Kikubaaqudgha.
 48732 | Vaults:2 | Found a basalt altar of Yredelemnul.
 49354 | Vaults:2 | Found Risygyma's Antique Armour Shoppe.
 49640 | Vaults:3 | Noticed Mennas
 49707 | Vaults:3 | Killed Mennas
 51783 | Vaults:3 | You fall through a shaft!
 52180 | Vaults:3 | Reached XP level 22. HP: 151/163 MP: 34/34
 52525 | Vaults:3 | Found Ethraenk's Antique Weapon Boutique.
 54336 | Vaults:4 | Noticed Saint Roka
 54391 | Vaults:4 | Killed Saint Roka
 56206 | Vaults:5 | Entered Level 5 of the Vaults
 56352 | Vaults:5 | Found Tuitec's Food Shoppe.
 56506 | Vaults:5 | Found the cursed +13 scythe of Curses {drain, *Curse}
 56978 | Vaults:5 | Noticed a golden dragon
 57050 | Vaults:5 | Killed a golden dragon
 57124 | Vaults:5 | Reached XP level 23. HP: 36/172 MP: 11/35
 57748 | Vaults:5 | Noticed a golden dragon
 57811 | Vaults:5 | Identified the ring "Vitasm" {Wiz Dex+3 SInv}
 58114 | Vaults:5 | Noticed a golden dragon
 58139 | Vaults:5 | Killed a golden dragon
 58345 | Vaults:5 | Identified the +3 chain mail "Ruodoikk" {rPois Slay+5}
 58426 | Vaults:5 | Found Asmaopn's Book Shoppe.
 58486 | Vaults:5 | Bought a book of Geomancy for 770 gold pieces
 58489 | Vaults:5 | Learned a level 2 spell: Passwall
 58658 | Vaults:5 | Identified the +10 spear "Transmigrator" {pierce, Str+3
                  | Int+4 Stlth+}
 58987 | Vaults:5 | Noticed a golden dragon
 59026 | Vaults:5 | Killed a golden dragon
 59072 | Vaults:5 | Killed a golden dragon
 59423 | Vaults:5 | Noticed an ancient lich
 59902 | Vaults:5 | Got a silver rune of Zot
 59974 | Vaults:5 | Identified the Grimoire of Supportive Lightness
 61011 | Depths:1 | Entered Level 1 of the Depths
 61123 | Depths:1 | Reached skill level 1 in Air Magic
 61508 | Depths:1 | Reached skill level 1 in Charms
 61762 | Depths:1 | Reached XP level 24. HP: 180/181 MP: 35/35
 61927 | Depths:1 | Found a gateway to Hell.
 63165 | Depths:2 | Found a transporter.
 63207 | Depths:2 | Found a one-way gate to the infinite horrors of the Abyss.
 63483 | Depths:2 | HP: 2/182 [spriggan air mage/the air (17)]
 63499 | Depths:2 | HP: 7/182 [spriggan air mage/the air (15)]
 63503 | Depths:2 | Killed from afar by a spriggan air mage

Vault maps used:
D:1:      minmay_arrival_checkered_box, serial_forest,
          infiniplex_forest_lined_room_3, infiniplex_forest_clump_cross,
          infiniplex_forest_zigzag_1, infiniplex_forest_lined_2,
          infiniplex_forest_clump_large
D:2:      wad_river_or_something, first_ration
D:3:      chequers_serial_rivers_micro_b
D:4:      demons_altar, minmay_temple_entry_statues_fountains,
          gup_sewer_entry_spiral, uniq_grinder, uniq_ijyb
D:5:      nicolae_dithmenos_shadow_blocks
D:7:      lemuel_coloured_pillars_altar
D:8:      lemuel_round_altar, serial_shops, kennysheep_mini
D:9:      lemuel_mausoleum_altar_kikubaaqudgha, old_standard_altar,
          minmay_orc_entry_temple_large, david_nohive_1, palyth_stone_intersect
D:10:     due_lair_maze_entry_diamond
D:11:     portal_ice_cave_entry_pillars_1
D:12:     serial_column_ruins, column_ruins_hut_ruined,
          column_ruins_columns_straight, column_ruins_corridor_dead_end,
          column_ruins_grid_3, column_ruins_columns_T,
          column_ruins_columns_straight
D:13:     serial_shops, shop, nicolae_shop_trees, nicolae_shop_trees
D:14:     david_vaults_1, kennysheep_donut, uniq_louise
D:15:     gammafunk_depths_entry_grave, minmay_fountain_box, uniq_josephine
Temple:   kb_temple_of_zot
Lair:1:   kennysheep_abandoned_house
Lair:2:   chequers_serial_rivers_room_a, serial_bayou_shore_b,
          grunt_megastairs_2
Lair:3:   ebering_ghost_xom, kennysheep_basilisk_garden,
          infiniplex_staircase_pool_2, grunt_megastairs_3, lemuel_fruit_tree
Lair:4:   minmay_shoals_entry_beasts, nicolae_spider_entry_orb_guardian
Lair:5:   minmay_slime_entry_jelly_boxes, minivault_29,
          infiniplex_staircase_pool, uniq_rupert, uniq_sonja
Lair:6:   evilmike_catoblepas_cave, gammafunk_ghost_split
Shoals:2: serial_shops, shop
Shoals:4: shoals_end_simple, hangedman_shoals_cup_caves
Spider:3: spider_trap
Spider:4: grunt_spider_rune_circles
Orc:1:    mines1_david, uniq_fannar
Orc:2:    grunt_orc_gardens, grunt_orc_garden, grunt_orc_garden,
          grunt_orc_garden, grunt_orc_garden
Elf:1:    eino_elf_arrival_customs, hangedman_elven_crosses_minicolossus,
          minmay_shop_grove
Elf:2:    minmay_shop_star, uniq_azrael, uniq_agnes, uniq_roxanne
Elf:3:    elf_hall, minivault_23
Vaults:1: v_misc_1, v_misc_29, v_rooms_6, hangedman_vaults_maws,
          hangedman_vaults_stretched_pinwheel, vaults_room_door_ring,
          nicolae_trove_entry_path_of_doom
Vaults:2: nicolae_vaults_yaktaur_gun_rack, vaults_room_door_hall,
          minmay_crypt_entry_necro_gods, v_rooms_1, v_misc_30, v_misc_25,
          grunt_vaults_funnel, vaults_dpeg_hooks, nicolae_vaults_display_case,
          nicolae_vaults_windows_and_doors_thing, grunt_vaults_focal,
          nicolae_vaults_little_squares_6, vaults_room_pool, serial_shops,
          nicolae_shop_behind_doors
Vaults:3: ontoclasm_vaults_chip, v_misc_30, nicolae_vaults_stairing_the_circle,
          v_alt_pattern_5, v_misc_4, ontoclasm_vaults_misaligned,
          hangedman_vaults_variations, vaults_room_semicircle, serial_shops,
          nicolae_shop_behind_doors, uniq_mennas
Vaults:4: v_misc_23, v_misc_33, hangedman_vaults_hat, grunt_vaults_trifunnel,
          v_misc_8, nicolae_vaults_circle_grid_b, vaults_standard_mumra_lines,
          v_pattern_2, vaults_room_fancy_cross, ontoclasm_vaults_eye,
          ontoclasm_vaults_hangar, uniq_saint_roka
Depths:1: minmay_misc_feat_plants, serial_co_window_serial, co_window_corner_a,
          co_window_corner_a, co_window_paths_a, co_window_paths_a,
          co_window_corner_a, co_window_paths_a, co_window_paths_a,
          co_window_corner_b, co_window_broadway_c, co_window_of_opportunity_b,
          co_window_cross_3, co_window_paths_e, co_window_paths_d, hell_entry,
          chequers_serial_rivers_small_b, hex_tiny, serial_bayou_pond_d,
          kennysheep_generic_room_4
Depths:2: emtedronai_trogs_sanctum, hangedman_decor_peaks_small,
          hangedman_geh_valley, marbit_kobold_abyss_entry, grunt_ministairs_15,
          chequers_serial_rivers_small_b
Sewer:    sewer_big_baddie
IceCv:    ice_cave_statue_garden_transporter

Skill      XL: |  1  2  3  4  5  6  7  8  9 10 11 12 13 14 15 16 17 18 19 20 21 22 23 24 |
---------------+-------------------------------------------------------------------------+-----
Long Blades    | 3 4 5 6 8 10 11 13 14 15 16 17 18 | 18.0
Dodging        | 4 5 6 7 8 10 11 12 13 14 15 16 17 18 19 | 19.5
Fighting       | 4 5 6 7 9 10 11 12 13 14 15 16 17 18 19 | 19.6
Shields        | 4 5 6 7 8 10 11 12 13 14 15 16 17 18 19 | 19.6
Evocations     | 1 3 4 6 8 |  8.0
Spellcasting   | 2 4 5 7 8 |  8.0
Stealth        | 8 11 15 18 | 18.3
Short Blades   | 6 7 |  7.7
Air Magic      | 2 4 |  4.0
Charms         | 2 3 |  3.9

Action                   |  1- 3 |  4- 6 |  7- 9 | 10-12 | 13-15 | 16-18 | 19-21 | 22-24 || total
-------------------------+-------+-------+-------+-------+-------+-------+-------+-------++-------
Melee: Long sword        |    65 |   133 |   232 |   364 |       |       |       |       ||   794
       Tentacles         |     9 |    38 |    80 |   197 |   653 |   599 |   941 |   876 ||  3393
       Constrict         |    19 |    32 |    53 |   145 |   170 |   225 |   223 |   140 ||  1007
       Scimitar          |       |       |       |   350 |  1072 |       |       |       ||  1422
       Cutlass           |       |       |       |       |   384 |   956 |  2290 |  2269 ||  5899
       Quick blade       |       |       |       |       |       |   571 |   239 |       ||   810
 Fire: Blowgun           |       |       |       |       |       |     3 |       |       ||     3
Throw: Throwing net      |       |       |       |       |       |     2 |       |     1 ||     3
 Cast: Passwall          |       |       |       |       |       |       |       |     4 ||     4
       Confusing Touch   |       |       |       |       |       |       |       |     1 ||     1
Invok: Potion Petition   |       |       |       |     2 |       |       |       |     4 ||     6
       Call Merchant     |       |       |       |     1 |     4 |       |       |       ||     5
       Renounce Religion |       |       |       |       |       |     1 |       |       ||     1
 Abil: Evoke Invisibilit |       |       |       |       |       |       |     6 |     4 ||    10
Evoke: Wand              |       |       |     1 |    63 |    65 |     2 |       |    13 ||   144
       Lamp of fire      |       |       |       |       |     1 |     1 |       |       ||     2
       Phial of floods   |       |       |       |       |     1 |       |       |       ||     1
       Lightning rod     |       |       |       |       |       |       |       |     7 ||     7
  Use: Scroll            |       |    11 |     9 |     6 |    11 |    15 |     7 |     5 ||    64
       Potion            |       |     5 |     1 |     3 |     1 |     7 |     3 |     3 ||    23
 Stab: Sleeping          |     3 |    11 |     7 |    12 |    16 |    40 |    93 |    39 ||   221
       Distracted        |       |       |     1 |     5 |    23 |    14 |    27 |    25 ||    95
       Paralysed         |       |       |       |    24 |       |       |       |       ||    24
       Petrifying        |       |       |       |       |     1 |       |       |       ||     1
       Petrified         |       |       |       |       |     1 |       |       |       ||     1
       Invisible         |       |       |       |       |       |     3 |    38 |    18 ||    59
  Eat: Chunk             |     1 |     5 |       |       |       |       |       |       ||     6
       Ration            |       |     2 |     4 |     7 |    14 |    10 |    13 |    11 ||    61
Armor: Skin              |     5 |     9 |     6 |    28 |    26 |    35 |    23 |    19 ||   151
Dodge: Dodged            |    19 |    43 |    58 |   202 |   509 |   382 |   495 |   582 ||  2290
Block: Shield            |    13 |       |       |       |       |       |       |       ||    13
       Large shield      |    30 |   101 |   168 |   469 |   991 |   784 |  1580 |  1531 ||  5654
       Rpst.: Long sword |     4 |     9 |    22 |    36 |       |       |       |       ||    71
       Scimitar          |       |       |       |    22 |    97 |       |       |       ||   119

Table legend:
 A = Non-vault XP
 B = Vault XP
 C = Vault XP percentage of total XP
 D = Non-vault monster count
 E = Vault monster count
 F = Vault count percentage of total count
                 A         B        C        D         E       F
            +---------+---------+-------+---------+---------+-------
      Total |  450147 |  423863 |  48.5 |    1256 |     653 |  34.2
            +---------+---------+-------+---------+---------+-------
        D:1 |      54 |       0 |   0.0 |      29 |       0 |   0.0
        D:2 |      79 |      39 |  33.1 |      18 |       9 |  33.3
        D:3 |     278 |     258 |  48.1 |      22 |       1 |   4.3
        D:4 |     421 |     188 |  30.9 |      19 |      11 |  36.7
        D:5 |     419 |       0 |   0.0 |      22 |       0 |   0.0
        D:6 |     661 |       0 |   0.0 |      16 |       0 |   0.0
        D:7 |     666 |       0 |   0.0 |      16 |       0 |   0.0
        D:8 |    1713 |       0 |   0.0 |      19 |       0 |   0.0
        D:9 |    2764 |    2885 |  51.1 |      33 |      40 |  54.8
       D:10 |    1540 |    1011 |  39.6 |      17 |       8 |  32.0
       D:11 |    7740 |       0 |   0.0 |      48 |       0 |   0.0
       D:12 |    1645 |       0 |   0.0 |      13 |       0 |   0.0
       D:13 |    9975 |       0 |   0.0 |      39 |       0 |   0.0
       D:14 |    4623 |    2635 |  36.3 |      22 |       3 |  12.0
       D:15 |    8058 |    7326 |  47.6 |      15 |      14 |  48.3
     Lair:1 |    2792 |     732 |  20.8 |      20 |      18 |  47.4
     Lair:2 |    4073 |     548 |  11.9 |      17 |       2 |  10.5
     Lair:3 |    5951 |    1000 |  14.4 |      23 |       6 |  20.7
     Lair:4 |    7301 |    1406 |  16.1 |      32 |       3 |   8.6
     Lair:5 |    5794 |   11549 |  66.6 |      27 |      60 |  69.0
     Lair:6 |    6698 |   12543 |  65.2 |      21 |      27 |  56.2
   Shoals:1 |   16310 |       0 |   0.0 |      27 |       0 |   0.0
   Shoals:2 |   21642 |       0 |   0.0 |      42 |       0 |   0.0
   Shoals:3 |   18371 |       0 |   0.0 |      37 |       0 |   0.0
   Shoals:4 |   11387 |   27834 |  71.0 |      27 |      47 |  63.5
   Spider:1 |    9063 |       0 |   0.0 |      23 |       0 |   0.0
   Spider:2 |   12276 |       0 |   0.0 |      32 |       0 |   0.0
   Spider:3 |   18965 |       0 |   0.0 |      54 |       0 |   0.0
   Spider:4 |   10475 |   26718 |  71.8 |      29 |      43 |  59.7
      Orc:1 |    2365 |    3179 |  57.3 |      30 |       5 |  14.3
      Orc:2 |    4266 |    6444 |  60.2 |      44 |      22 |  33.3
      Elf:1 |   11436 |   12914 |  53.0 |      23 |      21 |  47.7
      Elf:2 |    9639 |   26734 |  73.5 |      17 |      34 |  66.7
      Elf:3 |    7653 |   56711 |  88.1 |      15 |      40 |  72.7
   Vaults:1 |   24287 |   18535 |  43.3 |      59 |      24 |  28.9
   Vaults:2 |   37928 |   20430 |  35.0 |      75 |      35 |  31.8
   Vaults:3 |   46837 |   33984 |  42.0 |      79 |      37 |  31.9
   Vaults:4 |   26741 |   24541 |  47.9 |      46 |      37 |  44.6
   Vaults:5 |   25675 |  117004 |  82.0 |      39 |      81 |  67.5
   Depths:1 |   40778 |     120 |   0.3 |      43 |       1 |   2.3
   Depths:2 |   20808 |    3712 |  15.1 |      27 |       8 |  22.9
      Sewer |       0 |     148 | 100.0 |       0 |       6 | 100.0
      IceCv |       0 |    2735 | 100.0 |       0 |      10 | 100.0
            +---------+---------+-------+---------+---------+-------
